 Dungeon Crawl Stone Soup version 0.30-a0-414-gcb316572d5 (webtiles) character file.

Game seed: 16966395768115713845

44 NinjaNoafa the Shooter (level 3, 0/18 HPs)
             Began as a Spriggan Hunter on Dec 7, 2022.
             Killed from afar by Natasha (4 damage)
             ... with a magic dart
             ... on level 2 of the Dungeon.
             The game lasted 00:02:02 (1207 turns).

NinjaNoafa the Shooter (Spriggan Hunter)            Turns: 1207, Time: 00:02:02

Health: 0/18       AC:  2    Str:  7    XL:     3   Next: 39%
Magic:  4/4        EV: 22    Int: 10    God:
Gold:   49         SH:  0    Dex: 20    Spells: 2/2 levels left

rFire   . . .      SeeInvis +    a - +0 shortbow
rCold   . . .      Faith    .    (shield currently unavailable)
rNeg    . . .      Spirit   .    c - +0 robe
rPois   .          Reflect  .    (helmet restricted)
rElec   .          Harm     .    i - scarf {repulsion}
rCorr   .          Rampage  .    (gloves unavailable)
Will    .....                    (boots unavailable)
Stlth   +++.......               (no amulet)
HPRegen 0.23/turn                f - +4 ring of evasion
MPRegen 0.09/turn                (no ring)

@: slowed, repel missiles, quick
A: very small, no large weapons, unfitting armour, see invisible, speed 3
a: no special abilities


You were on level 2 of the Dungeon.
You visited 1 branch of the dungeon, and saw 2 of its levels.

You collected 49 gold pieces.

Inventory:

Hand Weapons
 a - a +0 shortbow (weapon)
Missiles
 e - 21 stones
Armour
 c - a +0 robe (worn)
 i - a scarf of repulsion (worn)
Jewellery
 f - a +4 ring of evasion (left hand)
Scrolls
 b - a scroll of immolation
 d - 2 scrolls of butterflies {unknown}
 g - a scroll of amnesia {unknown}
 h - 3 scrolls of identify {unknown}
 k - a scroll of summoning {unknown}
Potions
 j - a potion of brilliance {unknown}
 l - a potion of resistance {unknown}


   Skills:
 + Level 2.0 Fighting
 + Level 4.3 Ranged Weapons
 + Level 3.4 Dodging
 * Level 2.9 Stealth


You had 2 spell levels left.
You didn't know any spells.
Your spell library contained the following spells:

 Spells                   Type           Power      Damage    Failure   Level
 Tukima's Dance           Hex            0%         N/A       75%         3
 Passage of Golubria      Tloc           0%         N/A       98%         4
 Silence                  Hex/Air        0%         N/A       100%        5
 Yara's Violent Unravell  Hex/Tmut       0%         3d3       100%        5
 Lehudib's Crystal Spear  Conj/Erth      0%         10d2      100%        8


Dungeon Overview and Level Annotations

Branches:
Dungeon (2/15)

Altars:

Annotations:
D:2 Natasha


Innate Abilities, Weirdness & Mutations

You are very small and have problems with some larger weapons.
You are too small for most types of armour.
You have supernaturally acute eyesight. (SInv)
You cover ground extremely quickly. (Speed+++)


Message History

You are too injured to fight recklessly!
There is an open door here.
Natasha casts a spell at you. The magic dart hits you.
You see here a +0 ring mail.
HP restored.
Natasha is nearby!
You shoot an arrow. The arrow closely misses Natasha.
You shoot an arrow. The arrow hits Natasha.
Natasha is heavily wounded.
Natasha casts a spell at you. The magic dart hits you!
You shoot an arrow.
The arrow hits Natasha but does no damage.
Natasha is heavily wounded.
You shoot an arrow. The arrow barely misses Natasha.
You shoot an arrow. The arrow barely misses Natasha.
Natasha casts a spell at you.
You feel yourself slow down.
You shoot an arrow. The arrow closely misses Natasha.
Natasha mumbles some strange words.
You shoot an arrow.
The arrow hits Natasha but does no damage.
Natasha is heavily wounded.
Natasha claws you. Natasha misses you. The crimson imp misses you.
You are too injured to fight recklessly!
Natasha attacks as you move away! Natasha closely misses you.
Natasha mumbles some strange words.
Natasha mumbles some strange words.
The shadow imp gestures at you. Pain shoots through your body!
Natasha howls an incantation.
Natasha's front paws start to glow.
Natasha casts a spell at you. The magic dart hits you.
* * * LOW HITPOINT WARNING * * *
There is a stone staircase leading up here.
Natasha casts a spell at you. The magic dart hits you.
You die...

####..##### #..########.# #.
##5....## #..# #.# #.
#####5.###..# #.# #.
#....##..########'## #.
#...5##..#.........# #†
#....##..#.........# #.
#....##..#.........# #.
#....5...########'## #.
#....#h..@....<....# #.
#....#....#######..# #.
####...............######.
#....#..#####..........
###########....##....##....####..
..........#.....####.##....# #..
..........#...#.###........# #..
..........#...#.....###...#####..
..........'...'...........[......


You could see Natasha and a shadow imp (summoned).

Vanquished Creatures
  A worm (D:2)
  9 endoplasms
  A giant cockroach (D:1)
  5 goblins
  4 hobgoblins
  3 kobolds (D:1)
  A quokka (D:1)
  3 ball pythons
  4 bats (D:1)
  3 frilled lizards
  2 rats
36 creatures vanquished.

Notes
Turn   | Place    | Note
-------+----------+-------------------------------------------
     0 | D:1      | NinjaNoafa the Spriggan Hunter began the quest for the Orb.
     0 | D:1      | Reached XP level 1. HP: 10/10 MP: 2/2
   258 | D:1      | Reached XP level 2. HP: 15/15 MP: 3/3
   512 | D:1      | Reached XP level 3. HP: 18/18 MP: 4/4
  1097 | D:2      | Noticed Natasha
  1207 | D:2      | Killed from afar by Natasha

Illustrated notes

Levels and vault maps discovered:
D:1:      amcnicky_arrival_feature_with_door, layout_basic
D:2:      layout_basic, uniq_natasha

Skill      XL: |  1  2 |
---------------+-------+-----
Stealth        | 2 |  2.9
Dodging        | 3 |  3.4
Fighting       | 2 |  2.0
Ranged Weapons | |  4.3

Action                   || total
-------------------------++-------
 Fire: Shortbow          ||   102
Armor: Robe              ||     7
Dodge: Dodged            ||    29

Table legend: (Time is in decaauts)
 A = Elapsed time spent in this place.
 B = Non-inter-level travel time spent in this place.
 C = Inter-level travel time spent in this place.
 D = Time resting spent in this place.
 E = Time spent auto-exploring this place.
 F = Levels seen in this place.
 G = Mean time per level.
                   A        B        C        D        E       F      G
               +--------+--------+--------+--------+--------+-----+--------+
         Total |    831 |    825 |      6 |      0 |    590 |   2 |  415.5 |
       Dungeon |    831 |    825 |      6 |      0 |    590 |   2 |  415.5 |
               +--------+--------+--------+--------+--------+-----+--------+

Top non-repeatable levels by time:
     D:2: 419 daAuts
     D:1: 412 daAuts
